 Dungeon Crawl Stone Soup version 0.27-a0-1308-gc08437e49b (webtiles) character file.

Game seed: 3008796317191192203

127 hunterBerkeley the Magician (level 5, -1/36 HPs)
             Began as a Djinni Fire Elementalist on June 19, 2021.
             Slain by Terence (11 damage)
             ... on level 3 of the Dungeon.
             The game lasted 00:08:50 (2830 turns).

hunterBerkeley the Magician (DjFE)                  Turns: 2830, Time: 00:08:51

Health: -1/36      AC:  4    Str:  7    XL:     5   Next: 33%
Gold:   93         EV: 12    Int: 17    God:
                   SH:  0    Dex: 14

rFire    + + .     SeeInvis .   h - +2 dagger (drain)
rCold    x . .     Faith    .   (no shield)
rNeg     . . .     Spirit   .   a - +0 robe
rPois    ∞         Reflect  .   m - +0 helmet
rElec    .         Harm     .   (no cloak)
rCorr    .         Rampage  .   g - +0 pair of gloves
Will     .....                  (boots unavailable)
Stlth    ++........             (no amulet)
HPRegen  0.12/turn              (no ring)
MPRegen  0.00/turn              (no ring)

@: flying
A: sickness immunity, fire resistance 2, cold vulnerability 1, float, innate
caster, hp casting, extra vitality 1
a: no special abilities


You were on level 3 of the Dungeon.
You visited 1 branch of the dungeon, and saw 3 of its levels.

You collected 93 gold pieces.

Inventory:

Hand Weapons
 h - a +2 dagger of draining (weapon)
Missiles
 c - 8 boomerangs
 j - 8 poisoned darts
Armour
 a - a +0 robe (worn)
 g - a +0 pair of gloves (worn)
 m - a +0 helmet (worn)
Scrolls
 b - 2 scrolls of enchant armour {unknown}
 d - a scroll of fear {unknown}
 e - a scroll of torment {unknown}
 i - a scroll of identify {unknown}
 l - a scroll of teleportation {unknown}
Potions
 f - a potion of mutation {unknown}
 k - 2 potions of flight {unknown}


   Skills:
 + Level 0.4 Fighting
 + Level 0.1 Short Blades
 + Level 2.5 Dodging
 + Level 2.2 Stealth
 + Level 3.9 Spellcasting


You couldn't memorise any spells.
You knew the following spells:

 Your Spells              Type           Power      Damage    Failure   Level
a - Foxfire               Conj/Fire      64%        2x1d7     3%          1
b - Conjure Flame         Conj/Fire      16%        6-21      10%         3
c - Inner Flame           Hex/Fire       16%        N/A       10%         3
d - Sticky Flame          Conj/Fire      16%        2d4       30%         4
e - Fireball              Conj/Fire      8%         3d6       65%         5
f - Summon Small Mammal   Summ           64%        N/A       3%          1
g - Corpse Rot            Necr/Air       N/A        N/A       4%          2
Your spell library was empty.

Dungeon Overview and Level Annotations

Branches:
Dungeon (3/15)

Altars:

Annotations:
D:3 Terence


Innate Abilities, Weirdness & Mutations

You are immune to sickness and miasma.
You are immune to poison.
Your flesh is very heat resistant. (rF++)
You are vulnerable to cold. (rC-)
You float through the air rather than walking.
You learn spells naturally, not from books.
Your magical power is your life essence.
You have superior vitality. (+4 HP)


Message History

You kill the rat!
Casting: Foxfire (safe; 3% risk of failure)
Confirm with . or Enter, or press ? or * to list all spells.
You conjure some foxfire!
The foxfire hits Terence.
Terence is lightly wounded.
Terence shouts!
The foxfire hits Terence but does no damage.
Terence is lightly wounded.
Casting: Foxfire (safe; 3% risk of failure)
Confirm with . or Enter, or press ? or * to list all spells.
You conjure some foxfire!
Your foxfire dissipates!
Casting: Foxfire (safe; 3% risk of failure)
Confirm with . or Enter, or press ? or * to list all spells.
You conjure some foxfire!
Your foxfire dissipates!
The foxfire hits Terence but does no damage.
Terence is lightly wounded.
The foxfire hits Terence.
Terence is lightly wounded.
The foxfire hits Terence but does no damage.
Terence is lightly wounded.
Casting: Foxfire (safe; 3% risk of failure)
Confirm with . or Enter, or press ? or * to list all spells.
You conjure some foxfire!
Terence hits you from afar with a +0 trident.
The foxfire hits Terence but does no damage.
Terence is lightly wounded.
The foxfire hits Terence!
Terence is heavily wounded.
Terence hits you from afar with a +0 trident.
* * * LOW HITPOINT WARNING * * *
Casting: Foxfire (safe; 3% risk of failure)
Confirm with . or Enter, or press ? or * to list all spells.
There is nothing fresh enough to decay nearby.
Casting: Corpse Rot (safe; 4% risk of failure)
Confirm with . or Enter, or press ? or * to list all spells.
* * * LOW HITPOINT WARNING * * *
Terence hits you from afar with a +0 trident!
You die...

######### #.......#
#.......#####
........'...#
#.......###.##########
#.............)r@.@..#
...............#####..#
..#####......(.# ##.#
v.# #........# .# ..#
#........# .# ..#
#........# .# ..#
#.######## .# ... ...#
.# ........#


You could see Terence (ally target) and a friendly quokka (summoned).

Vanquished Creatures
  Jessica (D:2)
  Robin (D:3)
  3 adders (D:2)
  2 dart slugs
  4 ball pythons
  3 bats
  4 endoplasms
  4 giant cockroaches
  8 hobgoblins
  2 jackals (D:1)
  4 kobolds
  2 frilled lizards (D:1)
  12 goblins
  4 rats
54 creatures vanquished.

Vanquished Creatures (others)
  181 foxfires
181 creatures vanquished.

Grand Total: 235 creatures vanquished

Notes
Turn   | Place    | Note
-------+----------+-------------------------------------------
     0 | D:1      | hunterBerkeley the Djinni Fire Elementalist began the quest
                  | for the Orb.
     0 | D:1      | Reached XP level 1. HP: 15/15 MP: 0/0
   357 | D:1      | Reached XP level 2. HP: 5/21 MP: 0/0
   880 | D:1      | Reached skill level 3 in Spellcasting
   943 | D:1      | Reached XP level 3. HP: 15/25 MP: 0/0
   943 | D:1      | Learned a level 1 spell: Summon Small Mammal
  1344 | D:1      | Found a faded altar of an unknown god.
  1857 | D:2      | Reached XP level 4. HP: 28/31 MP: 0/0
  2415 | D:2      | Noticed Jessica
  2422 | D:2      | Killed Jessica
  2716 | D:3      | Reached XP level 5. HP: 34/35 MP: 0/0
  2716 | D:3      | Learned a level 2 spell: Corpse Rot
  2731 | D:3      | Noticed Robin
  2737 | D:3      | Killed Robin
  2816 | D:3      | Noticed Terence
  2830 | D:3      | Slain by Terence

Illustrated notes

Levels and vault maps discovered:
D:1:      minmay_arrival_plants_in_alcoves, layout_loops_ring,
          ebering_ecumenical_altar_sacrificial
D:2:      layout_basic, uniq_jessica
D:3:      corexii_shack_village, layout_basic, minmay_crystal_room,
          minmay_misc_feat_ornament, serial_bayou_pond_d, minmay_snake_closets,
          uniq_natasha, uniq_robin, uniq_sigmund, uniq_terence

Skill      XL: |  1  2  3  4 |
---------------+-------------+-----
Spellcasting   | 3 |  3.9
Stealth        | 2 |  2.2
Fighting       | |  0.4
Short Blades   | |  0.1
Dodging        | |  2.5

Action                   |  1- 3 |  4- 6 || total
-------------------------+-------+-------++-------
Melee: Unarmed           |     1 |       ||     1
       Dagger            |     4 |     5 ||     9
 Cast: Foxfire           |    59 |    57 ||   116
       Summon Small Mamm |       |     2 ||     2
Armor: Robe              |     5 |     4 ||     9
Dodge: Dodged            |    15 |     5 ||    20

Table legend: (Time is in decaauts)
 A = Elapsed time spent in this place.
 B = Non-inter-level travel time spent in this place.
 C = Inter-level travel time spent in this place.
 D = Time resting spent in this place.
 E = Time spent auto-exploring this place.
 F = Levels seen in this place.
 G = Mean time per level.
                   A        B        C        D        E       F      G
               +--------+--------+--------+--------+--------+-----+--------+
         Total |   2829 |   2786 |     43 |      0 |   2018 |   3 |  943.0 |
       Dungeon |   2829 |   2786 |     43 |      0 |   2018 |   3 |  943.0 |
               +--------+--------+--------+--------+--------+-----+--------+

Top non-repeatable levels by time:
     D:1: 1459 daAuts
     D:2: 1086 daAuts
     D:3: 283 daAuts
